 Dungeon Crawl Stone Soup version 0.21.0 (webtiles) character file.

33 Clarigatio the Sneak (level 3, -1/20 HPs)
             Began as a Kobold Enchanter on Apr 4, 2018.
             Slain by a gnoll
             ... wielding a +0 whip
              (7 damage)
             ... on level 1 of the Dungeon.
             The game lasted 00:12:16 (854 turns).

Clarigatio the Sneak (Kobold Enchanter)              Turns: 854, Time: 00:12:16

Health: -1/20      AC:  4    Str:  5    XL:     3   Next: 47%
Magic:  1/6        EV: 15    Int: 17    God:
Gold:   128        SH:  0    Dex: 15    Spells: 0/6 levels left

rFire    . . .     SeeInvis .   a - +1 dagger
rCold    . . .     Gourm    .   (shield restricted)
rNeg     . . .     Faith    .   b - +0 robe
rPois    .         Spirit   .   (no helmet)
rElec    .         Reflect  .   (no cloak)
rCorr    .         Harm     .   h - +0 pair of gloves
MR       .....                  i - +0 pair of boots
Stlth    +++.......             (no amulet)
HPRegen  0.06/turn              (no ring)
MPRegen  0.10/turn              (no ring)

@: very slightly contaminated
A: small, carnivore
a: no special abilities


You were on level 1 of the Dungeon.
You were very full.

You visited 1 branch of the dungeon, and saw 2 of its levels.

You collected 128 gold pieces.

Inventory:

Hand Weapons
 a - a +1 dagger (weapon)
 f - a +0 spear
Missiles
 l - 33 stones (quivered)
Armour
 b - a +0 robe (worn)
 h - a +0 pair of gloves (worn)
 i - a +0 pair of boots (worn)
Scrolls
 g - a scroll of teleportation {unknown}
 j - a scroll of remove curse
Potions
 e - 2 potions of resistance {unknown}
Books
 c - a book of Maledictions

   Spells                             Type                      Level
   a - Corona                         Hexes                        1
   b - Ensorcelled Hibernation        Hexes/Ice                    2
   c - Confuse                        Hexes                        3
   d - Tukima's Dance                 Hexes                        3
   e - Dazzling Spray                 Conjuration/Hexes            3
Comestibles
 d - 2 rations
 k - 2 chunks of flesh


   Skills:
 + Level 0.4 Fighting
 + Level 1.8 Short Blades
 + Level 2.8 Dodging
 + Level 4.4 Stealth
 + Level 2.4 Spellcasting
 + Level 3.4 Hexes


You couldn't memorise any spells.
You knew the following spells:

 Your Spells              Type           Power        Failure   Level  Hunger
a - Corona                Hex            ##.....      4%          1    #......
b - Ensorcelled Hibernat  Hex/Ice        #.....       14%         2    ##.....
c - Confuse               Hex            ##......     13%         3    ###....


Dungeon Overview and Level Annotations

Branches:
Dungeon (2/15)

Altars:


Innate Abilities, Weirdness & Mutations

You are small and have problems with some larger weapons.
You are carnivorous and can eat meat at any time.


Message History

You closely miss the gnoll.
The gnoll is heavily wounded.
The gnoll closely misses you.
There is an open door here.
Things that are here:
a dagger of speed; a kobold corpse
There is a stone staircase leading up here.
The gnoll barely misses you.
You climb upwards.
There is a stone staircase leading down here.
Your magical contamination has completely faded away.
Casting: Confuse
Confirm with . or Enter, or press ? or * to list all spells.
Aiming: Ensorcelled Hibernation
Press: ? - help, Shift-Dir - straight line, f - gnoll
Aim: a gnoll, wielding a whip (heavily wounded, chance to defeat MR: 49%)
You miscast Ensorcelled Hibernation.
You are very lightly contaminated with residual magic.
Nothing appears to happen.
The gnoll hits you with a whip!
You die...

######...#. ##.......###
##....[....#. #####............
####### #................ ......#
##..#.#........... ..###.#
#................. ..#!#.#
#...#.#...........
..###.##########@#...............
................g####............
.....##.######..### ###..........
#######.# #.....# ######.#### #
####.# #.#.#.# #...รท# ## #....#
##.....# ##.##.### .# #.####
#..#.#.# #.......# .###.#
#......# #.#.#.#.# ..#..#
#####...###### #.......#


You could see a gnoll.

Vanquished Creatures
  A gnoll (D:2)
  A dart slug (D:1)
  A ball python (D:1)
  A giant cockroach (D:2)
  5 goblins
  A hobgoblin (D:1)
  3 jackals (D:1)
  2 bats (D:1)
  4 kobolds
19 creatures vanquished.

Notes
Turn   | Place    | Note
-------+----------+-------------------------------------------
     0 | D:1      | Clarigatio the Kobold Enchanter began the quest for the Orb.
     0 | D:1      | Reached XP level 1. HP: 10/10 MP: 3/3
   272 | D:1      | Reached XP level 2. HP: 10/15 MP: 5/5
   277 | D:1      | Learned a level 2 spell: Ensorcelled Hibernation
   728 | D:2      | Reached XP level 3. HP: 18/19 MP: 4/6
   733 | D:2      | Learned a level 3 spell: Confuse
   781 | D:2      | Found a faded altar of an unknown god.
   854 | D:1      | Slain by a gnoll

Action                   || total
-------------------------++-------
Melee: Dagger            ||    91
 Cast: Corona            ||     4
       Ensorcelled Hiber ||     5
  Use: Potion            ||     2
       Scroll            ||     1
 Stab: Sleeping          ||     5
  Eat: Chunk             ||     8
Armor: Robe              ||    37
Dodge: Dodged            ||    97
